[ AOE2 MATCH · #481185786 ]
Team RMShu vs Wei
[ REPLAY ANALYSIS · EXTRACTED FROM THE RECORDED GAME ]
Feudal
11:06
Castle
17:57
Imperial
35:54
| APM avg | 31.2 |
| APM peak | 119 |
| eAPM avg | 10.8 |
| Villagers / military | 104 / 646 |
Focus
⚔️ 37.7% · 🌾 62.3%
Skirmisher ×322 · Archer ×303 · Trade Cart ×28 · Cavalry Archer ×19 · Unknown (1942) ×5 · Monk ×2
Feudal
10:19
Castle
21:02
Imperial
35:34
| APM avg | 23.7 |
| APM peak | 65 |
| eAPM avg | 22.1 |
| Villagers / military | 147 / 1068 |
Focus
⚔️ 65.6% · 🌾 34.4%
Militia ×633 · Spearman ×250 · Scorpion ×68 · Skirmisher ×60 · Centurion ×35 · Trade Cart ×22
Feudal
—
Castle
—
Imperial
—
| APM avg | 10.8 |
| APM peak | 33 |
| eAPM avg | 8.2 |
| Villagers / military | 131 / 733 |
Focus
⚔️ 42.1% · 🌾 57.9%
Longbowman ×318 · Spearman ×275 · Scout Cavalry ×88 · Knight ×40 · Trade Cart ×26 · Trebuchet (Packed) ×10
Feudal
10:36
Castle
22:48
Imperial
34:05
| APM avg | 34.7 |
| APM peak | 115 |
| eAPM avg | 18.2 |
| Villagers / military | 182 / 577 |
Focus
⚔️ 49.5% · 🌾 50.5%
Knight ×194 · Steppe Lancer ×189 · Scout Cavalry ×134 · Kipchak ×50 · Trade Cart ×30 · Mangonel ×8
Feudal
13:41
Castle
19:06
Imperial
30:37
| APM avg | 12.8 |
| APM peak | 30 |
| eAPM avg | 9.0 |
| Villagers / military | 126 / 801 |
Focus
⚔️ 48.5% · 🌾 51.5%
Skirmisher ×295 · Spearman ×155 · Teutonic Knight ×134 · Archer ×103 · Knight ×99 · Trade Cart ×20
Feudal
11:48
Castle
22:33
Imperial
35:11
| APM avg | 20.3 |
| APM peak | 101 |
| eAPM avg | 16.8 |
| Villagers / military | 100 / 232 |
Focus
⚔️ 24.9% · 🌾 75.1%
Ballista Elephant ×95 · Mangonel ×61 · Scorpion ×52 · Trebuchet (Packed) ×12 · Trade Cart ×8 · Battering Ram ×5
Feudal
—
Castle
—
Imperial
—
| APM avg | 38.2 |
| APM peak | 69 |
| eAPM avg | 23.1 |
| Villagers / military | 146 / 347 |
Focus
⚔️ 57.6% · 🌾 42.4%
Unknown (1949) ×272 · Skirmisher ×214 · Scout Cavalry ×65 · Spearman ×58 · Unknown (1952) ×39 · Trade Cart ×14
Feudal
13:39
Castle
19:18
Imperial
34:39
| APM avg | 14.7 |
| APM peak | 102 |
| eAPM avg | 12.9 |
| Villagers / military | 152 / 1055 |
Focus
⚔️ 52.3% · 🌾 47.7%
Scout Cavalry ×298 · Spearman ×285 · Knight ×120 · Longbowman ×116 · Skirmisher ×90 · Archer ×63
Match map
Resources at game start + every placement click. Thick line = wall · dashed box = detected house wall. 🟡 gold · ⚪ stone · 🟢 berries · 🔶 boar · ⭕ relic
Inputs per minute
— gazza17 - - Urmajesty2911
Build order — gazza17
First 150 of 464 actions detected
| 0:05 | Create | Villager (Male) |
| 0:05 | Create | Villager (Male) |
| 0:05 | Create | Villager (Male) |
| 0:05 | Create | Villager (Male) |
| 0:07 | Build | House |
| 0:09 | Build | House |
| 1:27 | Create | Villager (Male) |
| 2:02 | Create | Villager (Male) |
| 2:07 | Build | Lumber Camp |
| 2:28 | Create | Villager (Male) |
| 3:04 | Build | House |
| 3:05 | Create | Villager (Male) |
| 3:30 | Create | Villager (Male) |
| 3:58 | Create | Villager (Male) |
| 4:30 | Create | Villager (Male) |
| 4:34 | Build | Mill |
| 4:40 | Create | Villager (Male) |
| 4:40 | Create | Villager (Male) |
| 5:16 | Create | Villager (Male) |
| 5:51 | Create | Villager (Male) |
| 5:56 | Build | House |
| 6:06 | Create | Villager (Male) |
| 6:07 | Create | Villager (Male) |
| 6:07 | Create | Villager (Male) |
| 6:07 | Create | Villager (Male) |
| 6:08 | Create | Villager (Male) |
| 7:14 | Build | Mining Camp |
| 7:29 | Create | Villager (Male) |
| 8:01 | Create | Villager (Male) |
| 8:31 | Research | Loom |
| 8:33 | Research | Feudal Age |
| 9:24 | Build | House |
| 10:54 | Build | Barracks |
| 11:06 | Age | Feudal Age |
| 11:15 | Build | Blacksmith |
| 11:25 | Create | Villager (Male) |
| 11:50 | Build | Mining Camp |
| 12:01 | Build | Farm |
| 12:03 | Build | Farm |
| 12:22 | Build | House |
| 12:24 | Create | Villager (Male) |
| 12:24 | Create | Villager (Male) |
| 12:54 | Build | Building 800 |
| 13:00 | Build | Archery Range |
| 13:13 | Build | Palisade Wall |
| 13:22 | Create | Villager (Male) |
| 13:28 | Research | Double-Bit Axe |
| 13:50 | Build | Farm |
| 14:35 | Build | Palisade Wall |
| 14:38 | Build | Palisade Wall |
| 14:51 | Build | Palisade Wall |
| 14:59 | Research | Stone Mining |
| 15:17 | Research | Castle Age |
| 15:35 | Build | Palisade Wall |
| 15:43 | Build | Palisade Gate |
| 15:54 | Build | House |
| 15:55 | Build | House |
| 16:01 | Research | Horse Collar |
| 16:05 | Build | Farm |
| 16:07 | Build | Farm |
| 16:08 | Build | Farm |
| 16:09 | Build | Farm |
| 16:38 | Build | Palisade Wall |
| 17:10 | Create | Archer ×5 |
| 17:25 | Create | Villager (Male) |
| 17:26 | Create | Villager (Male) |
| 17:26 | Create | Villager (Male) |
| 17:44 | Research | Gold Mining |
| 17:57 | Age | Castle Age |
| 18:11 | Research | Bow Saw |
| 18:42 | Build | Town Center |
| 18:53 | Build | Palisade Wall |
| 19:03 | Create | Villager (Male) |
| 19:03 | Create | Villager (Male) |
| 19:12 | Research | Heavy Plow |
| 19:16 | Create | Archer |
| 19:35 | Build | Castle |
| 19:58 | Build | Palisade Wall |
| 20:26 | Create | Villager (Male) |
| 20:26 | Create | Villager (Male) |
| 20:52 | Build | Farm |
| 20:55 | Create | Villager (Male) |
| 20:55 | Create | Villager (Male) |
| 20:56 | Create | Villager (Male) |
| 21:06 | Build | Farm |
| 21:11 | Build | Farm |
| 21:13 | Build | Farm |
| 21:51 | Build | Farm |
| 21:52 | Create | Villager (Male) |
| 21:53 | Create | Villager (Male) |
| 21:53 | Create | Villager (Male) |
| 21:53 | Create | Villager (Male) |
| 21:54 | Create | Villager (Male) |
| 22:02 | Create | Archer ×5 |
| 22:02 | Create | Archer ×5 |
| 22:03 | Create | Archer ×2 |
| 22:03 | Create | Archer ×2 |
| 22:20 | Build | Farm |
| 22:42 | Build | Farm |
| 22:46 | Create | Villager (Male) |
| 22:46 | Create | Villager (Male) |
| 22:46 | Create | Villager (Male) |
| 23:06 | Build | Town Center |
| 23:19 | Build | Monastery |
| 23:41 | Build | Stone Wall |
| 23:54 | Build | Building 490 |
| 24:02 | Create | Villager (Male) |
| 24:03 | Create | Villager (Male) |
| 24:03 | Create | Villager (Male) |
| 24:03 | Create | Villager (Male) |
| 24:03 | Create | Villager (Male) |
| 24:04 | Create | Villager (Male) |
| 24:04 | Create | Villager (Male) |
| 24:24 | Create | Monk |
| 24:44 | Research | Fletching |
| 24:45 | Research | Padded Archer Armor |
| 25:00 | Build | University |
| 25:06 | Create | Villager (Male) |
| 25:06 | Create | Villager (Male) |
| 25:06 | Create | Villager (Male) |
| 25:07 | Create | Villager (Male) |
| 25:07 | Create | Villager (Male) |
| 25:07 | Create | Villager (Male) |
| 25:14 | Build | Farm |
| 25:16 | Build | Farm |
| 25:17 | Build | Farm |
| 25:30 | Create | Archer |
| 25:31 | Create | Archer |
| 25:31 | Research | Crossbowman (upgrade) |
| 25:48 | Create | Villager (Male) |
| 25:49 | Create | Villager (Male) |
| 25:49 | Create | Villager (Male) |
| 25:57 | Build | Farm |
| 26:07 | Create | Monk |
| 26:18 | Research | Ballistics |
| 26:31 | Research | Bodkin Arrow |
| 26:37 | Create | Archer |
| 26:37 | Create | Villager (Male) |
| 26:38 | Create | Villager (Male) |
| 26:38 | Create | Villager (Male) |
| 26:46 | Build | House |
| 26:46 | Build | House |
| 26:46 | Build | House |
| 26:47 | Build | House |
| 26:47 | Build | House |
| 26:47 | Build | House |
| 26:48 | Build | House |
| 26:48 | Build | House |
| 27:09 | Build | Farm |
| 27:16 | Research | Thumb Ring |
Build order — Urmajesty2911
First 150 of 1480 actions detected
| 0:02 | Research | Loom |
| 0:02 | Create | Villager (Male) |
| 0:03 | Create | Villager (Male) |
| 0:03 | Create | Villager (Male) |
| 0:03 | Create | Villager (Male) |
| 0:03 | Create | Villager (Male) |
| 0:08 | Build | House |
| 0:09 | Build | House |
| 0:10 | Build | House |
| 1:54 | Create | Villager (Male) |
| 1:55 | Create | Villager (Male) |
| 2:33 | Create | Villager (Male) |
| 2:33 | Create | Villager (Male) |
| 3:00 | Create | Villager (Male) |
| 3:00 | Create | Villager (Male) |
| 3:23 | Create | Villager (Male) |
| 3:24 | Create | Villager (Male) |
| 3:45 | Create | Villager (Male) |
| 3:45 | Create | Villager (Male) |
| 4:15 | Create | Villager (Male) |
| 4:16 | Create | Villager (Male) |
| 4:16 | Create | Villager (Male) |
| 4:39 | Create | Villager (Male) |
| 4:39 | Create | Villager (Male) |
| 4:39 | Create | Villager (Male) |
| 5:04 | Create | Villager (Male) |
| 5:04 | Create | Villager (Male) |
| 6:26 | Build | Lumber Camp |
| 6:30 | Create | Villager (Male) |
| 6:30 | Create | Villager (Male) |
| 6:31 | Create | Villager (Male) |
| 6:31 | Create | Villager (Male) |
| 6:31 | Create | Villager (Male) |
| 7:25 | Build | Mill |
| 8:09 | Research | Feudal Age |
| 9:04 | Build | House |
| 9:05 | Build | House |
| 9:07 | Build | House |
| 9:07 | Build | House |
| 10:19 | Age | Feudal Age |
| 10:20 | Research | Double-Bit Axe |
| 10:30 | Build | Stone Wall |
| 10:34 | Build | Building 490 |
| 10:40 | Research | Wheelbarrow |
| 10:44 | Research | Horse Collar |
| 10:55 | Create | Villager (Male) |
| 10:55 | Create | Villager (Male) |
| 11:16 | Build | Market |
| 12:10 | Create | Villager (Male) |
| 12:10 | Create | Villager (Male) |
| 12:10 | Create | Villager (Male) |
| 12:10 | Create | Villager (Male) |
| 12:25 | Build | Mining Camp |
| 13:14 | Create | Villager (Male) |
| 13:14 | Create | Villager (Male) |
| 13:20 | Build | Farm |
| 13:32 | Build | Stone Wall |
| 13:43 | Build | Farm |
| 13:48 | Create | Villager (Male) |
| 13:49 | Create | Villager (Male) |
| 13:49 | Create | Villager (Male) |
| 13:55 | Build | Barracks |
| 14:05 | Build | Farm |
| 14:30 | Build | Blacksmith |
| 14:35 | Build | Farm |
| 14:37 | Create | Villager (Male) |
| 14:37 | Create | Villager (Male) |
| 15:00 | Build | Mining Camp |
| 15:05 | Build | Farm |
| 15:08 | Create | Villager (Male) |
| 15:20 | Build | Farm |
| 15:44 | Build | Farm |
| 16:08 | Build | Farm |
| 16:34 | Build | Farm |
| 16:49 | Create | Villager (Male) |
| 17:07 | Build | Farm |
| 17:12 | Build | Farm |
| 17:14 | Build | Farm |
| 17:15 | Build | Farm |
| 17:19 | Build | Farm |
| 17:20 | Build | Farm |
| 17:21 | Build | Farm |
| 18:01 | Build | Stone Wall |
| 18:22 | Research | Castle Age |
| 18:51 | Research | Stone Mining |
| 19:00 | Create | Trade Cart |
| 19:00 | Create | Trade Cart |
| 19:15 | Research | Gold Mining |
| 21:02 | Age | Castle Age |
| 21:12 | Build | Town Center |
| 21:20 | Build | Town Center |
| 21:24 | Create | Villager (Male) |
| 21:25 | Create | Villager (Male) |
| 21:25 | Create | Villager (Male) |
| 21:46 | Build | Town Center |
| 22:02 | Build | House |
| 22:03 | Build | House |
| 22:04 | Build | House |
| 22:05 | Build | House |
| 22:06 | Build | House |
| 22:22 | Create | Villager (Male) |
| 22:27 | Create | Villager (Male) |
| 22:27 | Create | Villager (Male) |
| 22:27 | Create | Villager (Male) |
| 22:46 | Create | Villager (Male) |
| 22:57 | Research | Bow Saw |
| 23:01 | Research | Heavy Plow |
| 23:13 | Create | Villager (Male) |
| 23:16 | Create | Villager (Male) |
| 23:17 | Create | Villager (Male) |
| 23:17 | Create | Villager (Male) |
| 23:35 | Create | Villager (Male) |
| 24:00 | Build | Siege Workshop |
| 24:04 | Create | Spearman |
| 24:04 | Create | Spearman |
| 24:09 | Create | Villager (Male) |
| 24:12 | Create | Villager (Male) |
| 24:13 | Create | Villager (Male) |
| 24:17 | Create | Villager (Male) |
| 24:17 | Create | Villager (Male) |
| 24:35 | Build | Farm |
| 24:36 | Build | Farm |
| 24:39 | Create | Villager (Male) |
| 24:40 | Create | Villager (Male) |
| 24:46 | Create | Villager (Male) |
| 24:46 | Create | Villager (Male) |
| 24:49 | Create | Villager (Male) |
| 24:50 | Create | Villager (Male) |
| 25:00 | Build | Watch Tower |
| 25:01 | Build | Watch Tower |
| 25:11 | Build | Farm |
| 25:13 | Create | Villager (Male) |
| 25:13 | Create | Villager (Male) |
| 25:19 | Create | Villager (Male) |
| 25:20 | Create | Villager (Male) |
| 25:26 | Create | Trade Cart |
| 25:26 | Create | Trade Cart |
| 25:26 | Create | Trade Cart |
| 25:31 | Create | Villager (Male) |
| 25:31 | Create | Villager (Male) |
| 25:37 | Create | Villager (Male) |
| 25:37 | Create | Villager (Male) |
| 25:47 | Build | Siege Workshop |
| 25:53 | Create | Scorpion |
| 25:53 | Create | Scorpion |
| 25:53 | Create | Scorpion |
| 26:05 | Build | Farm |
| 26:10 | Build | Farm |
| 26:13 | Create | Villager (Male) |
| 26:13 | Create | Villager (Male) |
Build order — Chalumnor
First 150 of 450 actions detected
| 0:02 | Create | Villager (Male) |
| 0:04 | Build | House |
| 0:10 | Create | Villager (Male) |
| 0:11 | Create | Villager (Male) |
| 0:11 | Create | Villager (Male) |
| 0:55 | Build | House |
| 1:31 | Build | House |
| 1:39 | Build | Lumber Camp |
| 1:43 | Create | Villager (Male) |
| 1:58 | Create | Villager (Male) |
| 2:14 | Research | Loom |
| 2:34 | Create | Villager (Male) |
| 3:16 | Create | Villager (Male) |
| 3:35 | Create | Villager (Male) |
| 4:09 | Create | Villager (Male) |
| 4:23 | Create | Villager (Male) |
| 4:23 | Create | Villager (Male) |
| 4:57 | Build | Mill |
| 5:23 | Create | Villager (Male) |
| 5:48 | Build | Palisade Wall |
| 5:55 | Create | Villager (Male) |
| 5:55 | Create | Villager (Male) |
| 6:24 | Create | Villager (Male) |
| 6:49 | Build | House |
| 6:54 | Build | House |
| 6:59 | Create | Villager (Male) |
| 7:37 | Create | Villager (Male) |
| 7:38 | Create | Villager (Male) |
| 7:38 | Create | Villager (Male) |
| 8:22 | Build | Palisade Wall |
| 8:40 | Create | Villager (Male) |
| 9:12 | Research | Feudal Age |
| 9:59 | Build | Palisade Wall |
| 10:23 | Build | House |
| 10:24 | Build | House |
| 10:26 | Build | House |
| 10:28 | Build | House |
| 10:29 | Build | House |
| 11:23 | Create | Villager (Male) |
| 11:23 | Create | Villager (Male) |
| 11:23 | Create | Villager (Male) |
| 11:24 | Create | Villager (Male) |
| 11:57 | Build | Stone Wall |
| 12:04 | Build | Stone Wall |
| 12:14 | Build | Mining Camp |
| 12:23 | Build | Farm |
| 12:30 | Build | Farm |
| 12:36 | Build | Farm |
| 13:16 | Build | Market |
| 13:20 | Build | Blacksmith |
| 13:22 | Create | Villager (Male) |
| 13:22 | Create | Villager (Male) |
| 13:32 | Build | Farm |
| 13:34 | Build | Farm |
| 13:36 | Build | Farm |
| 13:39 | Create | Villager (Male) |
| 14:19 | Build | Mill |
| 14:45 | Create | Villager (Male) |
| 14:46 | Create | Villager (Male) |
| 15:21 | Build | Stone Wall |
| 15:22 | Build | Stone Wall |
| 15:31 | Create | Villager (Male) |
| 15:35 | Research | Wheelbarrow |
| 15:45 | Build | House |
| 15:47 | Build | House |
| 16:27 | Build | Mining Camp |
| 16:43 | Build | Farm |
| 16:45 | Build | Farm |
| 16:48 | Build | Farm |
| 16:52 | Research | Castle Age |
| 17:26 | Create | Trade Cart |
| 17:55 | Build | House |
| 17:57 | Build | House |
| 17:59 | Build | House |
| 18:16 | Research | Double-Bit Axe |
| 18:17 | Research | Horse Collar |
| 19:08 | Build | Barracks |
| 19:42 | Create | Villager (Male) |
| 19:43 | Create | Villager (Male) |
| 19:44 | Create | Villager (Male) |
| 20:06 | Build | Town Center |
| 20:26 | Research | Bow Saw |
| 20:33 | Create | Trade Cart |
| 21:03 | Create | Villager (Male) |
| 21:15 | Create | Villager (Male) |
| 21:17 | Create | Villager (Male) |
| 21:17 | Create | Villager (Male) |
| 21:46 | Build | Farm |
| 21:52 | Build | Mining Camp |
| 22:03 | Create | Villager (Male) |
| 22:05 | Create | Villager (Male) |
| 22:05 | Create | Villager (Male) |
| 22:26 | Build | Town Center |
| 22:35 | Research | Hand Cart |
| 22:35 | Research | Town Watch |
| 23:02 | Create | Villager (Male) |
| 23:03 | Create | Villager (Male) |
| 23:03 | Create | Villager (Male) |
| 23:04 | Create | Villager (Male) |
| 23:18 | Build | Farm |
| 23:19 | Build | Farm |
| 23:20 | Build | Farm |
| 23:21 | Build | Farm |
| 23:22 | Build | Farm |
| 23:23 | Build | Farm |
| 23:24 | Build | Farm |
| 23:27 | Build | Farm |
| 23:48 | Create | Villager (Male) |
| 24:07 | Create | Trade Cart |
| 24:08 | Create | Trade Cart |
| 24:31 | Create | Villager (Male) |
| 24:32 | Create | Villager (Male) |
| 24:42 | Create | Villager (Male) |
| 24:43 | Create | Villager (Male) |
| 24:43 | Create | Villager (Male) |
| 24:44 | Create | Villager (Male) |
| 25:35 | Create | Villager (Male) |
| 25:36 | Create | Villager (Male) |
| 25:36 | Create | Villager (Male) |
| 25:36 | Create | Villager (Male) |
| 25:36 | Create | Villager (Male) |
| 25:37 | Create | Villager (Male) |
| 25:59 | Build | Castle |
| 26:06 | Build | Archery Range |
| 26:09 | Build | Stable |
| 26:13 | Build | Siege Workshop |
| 26:19 | Build | Monastery |
| 26:22 | Build | University |
| 26:27 | Create | Villager (Male) |
| 26:27 | Create | Villager (Male) |
| 26:28 | Create | Villager (Male) |
| 26:40 | Build | Farm |
| 26:41 | Build | Farm |
| 26:42 | Build | Farm |
| 26:43 | Build | Farm |
| 26:44 | Build | Farm |
| 26:45 | Build | Farm |
| 26:48 | Build | Farm |
| 26:49 | Build | Farm |
| 26:49 | Build | Farm |
| 26:50 | Build | Farm |
| 26:51 | Build | Farm |
| 26:56 | Create | Villager (Male) |
| 26:57 | Create | Villager (Male) |
| 26:57 | Create | Villager (Male) |
| 26:57 | Create | Villager (Male) |
| 26:58 | Create | Villager (Male) |
| 26:59 | Create | Villager (Male) |
| 27:11 | Create | Trade Cart |
| 27:28 | Create | Villager (Male) |
Build order — kito
First 150 of 962 actions detected
| 0:02 | Build | House |
| 0:03 | Create | Villager (Male) |
| 0:03 | Create | Villager (Male) |
| 0:03 | Create | Villager (Male) |
| 0:04 | Build | House |
| 0:20 | Create | Villager (Male) |
| 1:38 | Create | Villager (Male) |
| 2:20 | Build | Lumber Camp |
| 2:24 | Create | Villager (Male) |
| 2:25 | Create | Villager (Male) |
| 2:53 | Create | Villager (Male) |
| 3:18 | Create | Villager (Male) |
| 4:11 | Create | Villager (Male) |
| 4:49 | Build | House |
| 5:00 | Create | Villager (Male) |
| 5:34 | Create | Villager (Male) |
| 5:55 | Build | Mill |
| 6:07 | Create | Villager (Male) |
| 6:08 | Create | Villager (Male) |
| 6:11 | Create | Villager (Male) |
| 6:12 | Create | Villager (Male) |
| 6:15 | Create | Villager (Male) |
| 6:38 | Create | Villager (Male) |
| 7:27 | Create | Villager (Male) |
| 7:48 | Create | Villager (Male) |
| 8:24 | Create | Villager (Male) |
| 8:26 | Research | Feudal Age |
| 9:02 | Build | Lumber Camp |
| 9:59 | Build | House |
| 10:04 | Build | House |
| 10:36 | Age | Feudal Age |
| 10:45 | Build | Town Center |
| 10:54 | Build | House |
| 11:04 | Create | Villager (Male) |
| 11:05 | Create | Villager (Male) |
| 11:05 | Create | Villager (Male) |
| 11:06 | Create | Villager (Male) |
| 11:06 | Create | Villager (Male) |
| 11:06 | Create | Villager (Male) |
| 11:18 | Research | Double-Bit Axe |
| 11:39 | Create | Villager (Male) |
| 11:53 | Build | House |
| 11:54 | Build | House |
| 11:56 | Build | House |
| 11:58 | Build | House |
| 12:01 | Create | Villager (Male) |
| 12:25 | Create | Villager (Male) |
| 12:25 | Create | Villager (Male) |
| 12:31 | Build | Farm |
| 12:46 | Build | Farm |
| 12:59 | Build | Farm |
| 13:01 | Create | Villager (Male) |
| 13:12 | Build | Farm |
| 13:31 | Research | Horse Collar |
| 13:44 | Build | Farm |
| 13:48 | Build | Farm |
| 13:50 | Create | Villager (Male) |
| 13:56 | Create | Villager (Male) |
| 14:19 | Build | Farm |
| 14:25 | Create | Villager (Male) |
| 14:26 | Create | Villager (Male) |
| 14:30 | Build | Farm |
| 14:48 | Build | Palisade Wall |
| 14:59 | Build | Building 796 |
| 15:02 | Build | House |
| 15:02 | Build | House |
| 15:04 | Build | House |
| 15:09 | Build | Farm |
| 15:09 | Create | Villager (Male) |
| 15:10 | Create | Villager (Male) |
| 15:12 | Create | Villager (Male) |
| 15:12 | Create | Villager (Male) |
| 15:17 | Build | Farm |
| 15:35 | Create | Villager (Male) |
| 15:48 | Build | Barracks |
| 15:51 | Create | Villager (Male) |
| 15:56 | Create | Villager (Male) |
| 15:59 | Build | Farm |
| 16:01 | Create | Villager (Male) |
| 16:06 | Build | Farm |
| 16:09 | Build | Farm |
| 16:21 | Build | Farm |
| 16:25 | Build | Farm |
| 16:28 | Build | Farm |
| 16:32 | Build | Farm |
| 16:38 | Build | Farm |
| 16:40 | Create | Villager (Male) |
| 16:46 | Build | Lumber Camp |
| 16:57 | Build | Farm |
| 17:22 | Build | Market |
| 17:23 | Create | Villager (Male) |
| 17:32 | Build | Farm |
| 17:42 | Build | Farm |
| 17:50 | Build | Farm |
| 17:59 | Build | Farm |
| 18:02 | Create | Villager (Male) |
| 18:02 | Create | Villager (Male) |
| 18:02 | Create | Villager (Male) |
| 18:02 | Create | Villager (Male) |
| 18:04 | Create | Villager (Male) |
| 18:04 | Create | Villager (Male) |
| 18:31 | Build | Palisade Wall |
| 18:36 | Build | Building 796 |
| 18:48 | Create | Villager (Male) |
| 18:50 | Create | Villager (Male) |
| 18:50 | Create | Villager (Male) |
| 18:51 | Create | Villager (Male) |
| 19:47 | Build | Blacksmith |
| 19:57 | Create | Villager (Male) |
| 20:01 | Create | Spearman |
| 20:08 | Research | Castle Age |
| 20:10 | Create | Villager (Male) |
| 20:11 | Create | Villager (Male) |
| 20:11 | Create | Villager (Male) |
| 20:43 | Build | Stable |
| 20:46 | Build | Stable |
| 20:48 | Build | Stable |
| 20:50 | Build | Stable |
| 20:52 | Build | Stable |
| 20:56 | Build | Stable |
| 20:57 | Build | Stable |
| 21:18 | Create | Villager (Male) |
| 21:55 | Research | Scale Barding Armor |
| 22:10 | Create | Spearman |
| 22:32 | Create | Villager (Male) |
| 22:33 | Create | Villager (Male) |
| 22:48 | Age | Castle Age |
| 22:57 | Build | Town Center |
| 22:59 | Research | Bow Saw |
| 23:01 | Research | Heavy Plow |
| 23:04 | Create | Villager (Male) |
| 23:10 | Build | Lumber Camp |
| 23:25 | Build | Mining Camp |
| 23:46 | Build | Mining Camp |
| 23:54 | Create | Villager (Male) |
| 23:54 | Create | Villager (Male) |
| 23:55 | Create | Villager (Male) |
| 23:55 | Create | Villager (Male) |
| 23:55 | Create | Villager (Male) |
| 23:55 | Create | Villager (Male) |
| 23:56 | Create | Villager (Male) |
| 24:02 | Build | Mining Camp |
| 24:09 | Build | Stable |
| 24:13 | Build | Stable |
| 24:42 | Research | Pikeman (upgrade) |
| 24:44 | Research | Squires |
| 24:52 | Research | Chain Barding Armor |
| 24:55 | Research | Forging |
| 24:58 | Research | Caravan |
| 24:59 | Create | Trade Cart |
Build order — Drogo
First 150 of 490 actions detected
| 0:02 | Create | Villager (Male) ×4 |
| 0:06 | Build | House |
| 0:08 | Build | House |
| 1:33 | Create | Villager (Male) |
| 2:20 | Create | Villager (Male) |
| 2:21 | Create | Villager (Male) |
| 2:33 | Build | Lumber Camp |
| 2:37 | Create | Villager (Male) |
| 2:56 | Create | Villager (Male) |
| 3:06 | Create | Villager (Male) |
| 3:07 | Create | Villager (Male) |
| 3:38 | Create | Villager (Male) |
| 3:49 | Build | House |
| 4:19 | Create | Villager (Male) |
| 4:30 | Build | Mill |
| 4:42 | Build | House |
| 4:49 | Create | Villager (Male) |
| 4:49 | Create | Villager (Male) |
| 5:27 | Build | Palisade Wall |
| 5:30 | Create | Villager (Male) |
| 6:15 | Build | Palisade Wall |
| 6:31 | Create | Villager (Male) |
| 6:31 | Create | Villager (Male) |
| 6:31 | Create | Villager (Male) |
| 6:32 | Create | Villager (Male) |
| 6:51 | Build | Palisade Wall |
| 6:57 | Create | Villager (Male) |
| 7:16 | Create | Villager (Male) |
| 7:16 | Create | Villager (Male) |
| 7:30 | Build | House |
| 7:43 | Create | Villager (Male) |
| 7:43 | Create | Villager (Male) |
| 8:10 | Build | Mining Camp |
| 8:20 | Build | Farm |
| 8:54 | Create | Villager (Male) |
| 8:55 | Create | Villager (Male) |
| 8:55 | Create | Villager (Male) |
| 8:55 | Create | Villager (Male) |
| 8:55 | Create | Villager (Male) |
| 10:27 | Research | Feudal Age |
| 11:02 | Build | Mining Camp |
| 11:28 | Build | House |
| 11:29 | Build | House |
| 11:48 | Build | Farm |
| 12:14 | Build | Farm |
| 12:15 | Build | Farm |
| 12:16 | Build | Farm |
| 12:38 | Build | Farm |
| 13:14 | Build | Farm |
| 13:15 | Build | Farm |
| 13:17 | Build | Farm |
| 13:19 | Build | Farm |
| 13:25 | Build | Farm |
| 13:41 | Age | Feudal Age |
| 13:44 | Research | Wheelbarrow |
| 13:46 | Research | Double-Bit Axe |
| 13:59 | Build | Stone Wall |
| 14:29 | Build | Market |
| 14:48 | Build | Stone Wall |
| 15:10 | Build | Farm |
| 15:12 | Build | Farm |
| 15:37 | Build | Blacksmith |
| 16:01 | Research | Loom |
| 16:17 | Research | Castle Age |
| 16:39 | Research | Horse Collar |
| 18:40 | Build | House |
| 18:41 | Build | House |
| 18:46 | Build | House |
| 19:06 | Age | Castle Age |
| 19:09 | Build | Town Center |
| 19:12 | Research | Hand Cart |
| 19:14 | Research | Bow Saw |
| 19:17 | Create | Villager (Male) |
| 19:17 | Create | Villager (Male) |
| 19:18 | Create | Villager (Male) |
| 19:18 | Create | Villager (Male) |
| 19:18 | Create | Villager (Male) |
| 19:18 | Create | Villager (Male) |
| 19:19 | Create | Villager (Male) |
| 19:19 | Create | Villager (Male) |
| 19:35 | Research | Stone Mining |
| 19:36 | Research | Gold Mining |
| 20:09 | Create | Villager (Male) ×3 |
| 20:10 | Create | Villager (Male) ×3 |
| 20:41 | Build | Farm |
| 20:44 | Build | Farm |
| 20:50 | Build | Farm |
| 20:51 | Build | Farm |
| 20:52 | Build | Farm |
| 21:02 | Create | Villager (Male) |
| 21:02 | Create | Villager (Male) |
| 21:18 | Build | House |
| 21:20 | Build | House |
| 21:52 | Build | Town Center |
| 21:55 | Create | Villager (Male) |
| 21:55 | Create | Villager (Male) |
| 21:56 | Create | Villager (Male) |
| 21:56 | Create | Villager (Male) |
| 22:07 | Build | Farm |
| 22:08 | Build | Farm |
| 22:10 | Build | Farm |
| 22:11 | Build | Farm |
| 22:12 | Build | Farm |
| 22:14 | Build | Farm |
| 22:15 | Build | Farm |
| 22:16 | Build | Farm |
| 22:21 | Build | Farm |
| 22:24 | Build | Farm |
| 22:26 | Build | Farm |
| 22:27 | Build | Farm |
| 22:29 | Build | Farm |
| 22:31 | Create | Villager (Male) |
| 22:32 | Create | Villager (Male) |
| 22:32 | Create | Villager (Male) |
| 22:32 | Create | Villager (Male) |
| 22:32 | Create | Villager (Male) |
| 22:56 | Build | Farm |
| 22:59 | Build | Farm |
| 23:01 | Build | Farm |
| 23:01 | Build | Farm |
| 23:04 | Create | Villager (Male) |
| 23:04 | Create | Villager (Male) |
| 23:05 | Create | Villager (Male) |
| 23:07 | Create | Villager (Male) |
| 23:13 | Build | House |
| 23:15 | Build | House |
| 23:49 | Create | Villager (Male) ×4 |
| 24:03 | Build | Monastery |
| 24:07 | Build | University |
| 24:17 | Research | Stone Shaft Mining |
| 24:45 | Research | Heavy Plow |
| 24:50 | Build | Farm |
| 24:54 | Build | Farm |
| 25:17 | Build | Farm |
| 25:30 | Build | Lumber Camp |
| 25:42 | Create | Villager (Male) ×5 |
| 25:42 | Create | Villager (Male) ×5 |
| 25:42 | Create | Villager (Male) ×4 |
| 25:51 | Create | Villager (Male) ×3 |
| 26:10 | Build | Building 490 |
| 26:18 | Build | Building 796 |
| 27:27 | Research | Imperial Age |
| 27:28 | Research | Town Watch |
| 27:41 | Build | Mining Camp |
| 28:07 | Build | Lumber Camp |
| 28:33 | Build | Mining Camp |
| 28:45 | Create | Villager (Male) ×5 |
| 28:46 | Create | Villager (Male) ×5 |
| 28:46 | Create | Villager (Male) ×5 |
| 28:46 | Create | Villager (Male) ×5 |
Build order — MONITOENLATA
First 150 of 488 actions detected
| 0:07 | Build | House |
| 0:11 | Build | House |
| 0:12 | Create | Villager (Male) |
| 0:12 | Create | Villager (Male) |
| 0:12 | Create | Villager (Male) |
| 0:13 | Create | Villager (Male) |
| 2:00 | Build | Lumber Camp |
| 2:06 | Create | Villager (Male) |
| 2:06 | Create | Villager (Male) |
| 2:07 | Create | Villager (Male) |
| 2:51 | Create | Villager (Male) |
| 3:06 | Create | Villager (Male) |
| 3:45 | Create | Villager (Male) |
| 4:08 | Create | Villager (Male) |
| 4:09 | Create | Villager (Male) |
| 4:19 | Build | House |
| 4:22 | Build | House |
| 4:29 | Create | Villager (Male) |
| 4:31 | Create | Villager (Male) |
| 4:56 | Create | Villager (Male) |
| 5:22 | Create | Villager (Male) |
| 5:58 | Build | Mill |
| 6:17 | Create | Villager (Male) |
| 6:18 | Create | Villager (Male) |
| 6:20 | Create | Villager (Male) |
| 6:21 | Create | Villager (Male) |
| 7:52 | Create | Villager (Male) |
| 7:53 | Create | Villager (Male) |
| 8:03 | Build | House |
| 8:30 | Build | Lumber Camp |
| 8:55 | Build | Barracks |
| 9:38 | Research | Feudal Age |
| 10:17 | Build | Farm |
| 10:23 | Build | Farm |
| 10:51 | Create | Villager (Male) |
| 10:51 | Create | Villager (Male) |
| 10:51 | Create | Villager (Male) |
| 10:51 | Create | Villager (Male) |
| 10:55 | Create | Militia |
| 11:25 | Create | Villager (Male) |
| 11:43 | Build | Mining Camp |
| 11:48 | Age | Feudal Age |
| 11:54 | Create | Villager (Male) |
| 12:25 | Build | Mining Camp |
| 12:37 | Build | Farm |
| 12:50 | Build | Farm |
| 12:54 | Build | Farm |
| 13:02 | Build | House |
| 13:03 | Build | House |
| 13:09 | Build | House |
| 13:11 | Build | House |
| 13:17 | Build | Farm |
| 13:21 | Build | Farm |
| 13:50 | Build | Blacksmith |
| 14:01 | Research | Horse Collar |
| 14:04 | Research | Man-at-Arms (upgrade) |
| 14:05 | Create | Spearman |
| 14:05 | Create | Spearman |
| 14:05 | Create | Spearman |
| 14:06 | Create | Spearman |
| 14:10 | Research | Gold Mining |
| 14:18 | Create | Militia |
| 14:40 | Research | Wheelbarrow |
| 15:31 | Build | Market |
| 15:50 | Create | Villager (Male) |
| 15:50 | Create | Villager (Male) |
| 15:51 | Create | Villager (Male) |
| 16:23 | Build | Lumber Camp |
| 16:32 | Create | Villager (Male) |
| 16:32 | Create | Villager (Male) |
| 16:33 | Create | Villager (Male) |
| 16:47 | Research | Double-Bit Axe |
| 16:53 | Build | Farm |
| 17:08 | Create | Trade Cart |
| 17:08 | Create | Trade Cart |
| 17:18 | Build | Farm |
| 17:41 | Build | Farm |
| 18:01 | Create | Villager (Male) |
| 18:09 | Build | Farm |
| 18:33 | Build | Farm |
| 18:41 | Create | Villager (Male) |
| 18:41 | Create | Villager (Male) |
| 18:57 | Build | Farm |
| 19:27 | Build | Farm |
| 19:50 | Build | House |
| 19:53 | Research | Castle Age |
| 19:57 | Build | House |
| 20:08 | Build | House |
| 20:09 | Build | House |
| 20:14 | Build | House |
| 20:16 | Build | House |
| 20:17 | Build | House |
| 20:19 | Build | House |
| 20:20 | Build | House |
| 20:23 | Build | House |
| 20:29 | Create | Villager (Male) |
| 20:29 | Create | Villager (Male) |
| 20:55 | Build | Mining Camp |
| 22:33 | Age | Castle Age |
| 22:36 | Build | Town Center |
| 22:40 | Build | Monastery |
| 22:43 | Build | University |
| 22:51 | Create | Villager (Male) |
| 22:51 | Create | Villager (Male) |
| 23:07 | Research | Coinage |
| 23:07 | Research | Caravan |
| 23:09 | Research | Scale Barding Armor |
| 23:10 | Research | Forging |
| 23:12 | Research | Gold Shaft Mining |
| 23:12 | Research | Stone Mining |
| 23:41 | Build | Lumber Camp |
| 23:59 | Research | Bow Saw |
| 24:26 | Create | Villager (Male) |
| 24:28 | Create | Villager (Male) |
| 24:28 | Create | Villager (Male) |
| 24:29 | Create | Villager (Male) |
| 24:30 | Create | Villager (Male) |
| 25:04 | Build | Castle |
| 25:10 | Build | Farm |
| 25:12 | Research | Stone Shaft Mining |
| 25:16 | Create | Villager (Male) |
| 25:35 | Build | Farm |
| 25:43 | Create | Monk |
| 25:55 | Build | Farm |
| 26:09 | Build | Lumber Camp |
| 26:17 | Build | Farm |
| 26:21 | Research | Chain Barding Armor |
| 26:30 | Create | Villager (Male) |
| 26:30 | Create | Villager (Male) |
| 26:31 | Create | Villager (Male) |
| 26:38 | Create | Villager (Male) |
| 26:39 | Create | Villager (Male) |
| 26:40 | Create | Villager (Male) |
| 26:48 | Build | Farm |
| 27:13 | Research | Murder Holes |
| 27:15 | Research | Ballistics |
| 27:24 | Build | Farm |
| 27:28 | Research | Heavy Plow |
| 27:57 | Build | Siege Workshop |
| 27:59 | Build | Siege Workshop |
| 28:01 | Build | Siege Workshop |
| 28:04 | Build | Siege Workshop |
| 28:15 | Build | Farm |
| 28:18 | Build | Farm |
| 28:23 | Create | Villager (Male) |
| 28:24 | Create | Villager (Male) |
| 28:26 | Create | Villager (Male) |
| 28:27 | Create | Villager (Male) |
| 28:39 | Research | Iron Casting |
| 28:48 | Create | Ballista Elephant |
Build order — Sadin Kopek
First 150 of 1055 actions detected
| 0:02 | Create | Villager (Male) |
| 0:03 | Create | Villager (Male) |
| 0:03 | Create | Villager (Male) |
| 0:03 | Create | Villager (Male) |
| 0:04 | Create | Villager (Male) |
| 0:07 | Build | House |
| 0:09 | Build | House |
| 1:38 | Create | Villager (Male) |
| 1:38 | Create | Villager (Male) |
| 2:05 | Create | Villager (Male) |
| 2:30 | Build | Lumber Camp |
| 2:39 | Create | Villager (Male) |
| 2:40 | Create | Villager (Male) |
| 3:16 | Create | Villager (Male) |
| 3:16 | Create | Villager (Male) |
| 3:34 | Build | House |
| 3:36 | Build | House |
| 3:45 | Create | Villager (Male) |
| 4:18 | Create | Villager (Male) |
| 4:35 | Create | Villager (Male) |
| 4:46 | Create | Villager (Male) |
| 5:14 | Create | Villager (Male) |
| 5:30 | Create | Villager (Male) |
| 5:52 | Create | Villager (Male) |
| 5:54 | Create | Villager (Male) |
| 6:20 | Create | Villager (Male) |
| 6:44 | Create | Villager (Male) |
| 7:18 | Build | Mill |
| 7:55 | Build | Palisade Wall |
| 8:06 | Build | Building 800 |
| 8:10 | Build | House |
| 8:12 | Create | Villager (Male) |
| 8:36 | Research | Feudal Age |
| 8:48 | Build | House |
| 9:36 | Build | Farm |
| 9:37 | Build | Farm |
| 9:50 | Build | Farm |
| 9:58 | Build | Mining Camp |
| 10:33 | Build | House |
| 10:40 | Build | House |
| 10:43 | Create | Villager (Male) |
| 10:44 | Create | Villager (Male) |
| 10:50 | Research | Double-Bit Axe |
| 10:58 | Create | Villager (Male) |
| 11:27 | Build | Mining Camp |
| 11:38 | Build | Farm |
| 11:52 | Build | Stone Wall |
| 11:57 | Build | Stone Wall |
| 12:00 | Create | Villager (Male) |
| 12:03 | Build | Farm |
| 12:05 | Build | Farm |
| 12:07 | Create | Villager (Male) |
| 12:07 | Create | Villager (Male) |
| 12:24 | Create | Villager (Male) |
| 12:47 | Build | Stone Wall |
| 12:52 | Create | Villager (Male) |
| 12:56 | Create | Villager (Male) |
| 13:03 | Build | Farm |
| 13:04 | Build | Farm |
| 13:14 | Build | Farm |
| 13:16 | Build | Farm |
| 13:59 | Build | Blacksmith |
| 14:10 | Create | Villager (Male) |
| 14:15 | Build | Farm |
| 15:04 | Build | House |
| 15:26 | Create | Villager (Male) |
| 15:26 | Create | Villager (Male) |
| 15:30 | Build | Farm |
| 15:58 | Build | Barracks |
| 16:01 | Create | Villager (Male) |
| 16:01 | Create | Villager (Male) |
| 16:56 | Create | Villager (Male) |
| 17:11 | Build | Stable |
| 17:15 | Create | Villager (Male) |
| 17:47 | Build | Building 487 |
| 17:51 | Build | Building 487 |
| 18:07 | Build | Stone Wall |
| 18:09 | Build | Stone Wall |
| 18:13 | Research | Castle Age |
| 18:24 | Build | Farm |
| 18:26 | Build | Farm |
| 18:28 | Build | Farm |
| 18:36 | Build | Farm |
| 18:41 | Research | Horse Collar |
| 18:46 | Research | Loom |
| 18:46 | Create | Villager (Male) |
| 18:46 | Create | Villager (Male) |
| 19:13 | Build | Market |
| 19:22 | Build | House |
| 19:30 | Build | House |
| 19:31 | Build | House |
| 19:40 | Research | Forging |
| 20:27 | Create | Villager (Male) |
| 20:27 | Research | Wheelbarrow |
| 21:02 | Build | Stable |
| 21:10 | Build | House |
| 21:11 | Build | House |
| 21:17 | Build | Mining Camp |
| 21:27 | Build | Town Center |
| 21:54 | Build | Archery Range |
| 22:02 | Create | Villager (Male) |
| 22:16 | Research | Bow Saw |
| 23:07 | Build | Outpost |
| 23:11 | Research | Loom |
| 23:22 | Build | Outpost |
| 23:30 | Create | Villager (Male) |
| 23:30 | Create | Villager (Male) |
| 23:30 | Create | Villager (Male) |
| 23:31 | Create | Villager (Male) |
| 23:36 | Build | Farm |
| 23:37 | Build | Farm |
| 23:43 | Create | Villager (Male) |
| 23:44 | Create | Villager (Male) |
| 23:44 | Create | Villager (Male) |
| 23:44 | Create | Villager (Male) |
| 24:06 | Build | Monastery |
| 24:24 | Research | Gold Mining |
| 24:39 | Create | Unit 1944 |
| 24:39 | Create | Unit 1944 |
| 24:50 | Build | House |
| 24:52 | Build | House |
| 25:01 | Create | Villager (Male) |
| 25:08 | Create | Villager (Male) |
| 25:08 | Create | Villager (Male) |
| 25:08 | Create | Villager (Male) |
| 25:17 | Build | Castle |
| 25:24 | Build | Barracks |
| 25:28 | Build | Barracks |
| 25:40 | Build | Lumber Camp |
| 25:43 | Create | Villager (Male) |
| 25:43 | Create | Villager (Male) |
| 25:43 | Create | Villager (Male) |
| 26:05 | Create | Monk |
| 26:17 | Build | Lumber Camp |
| 26:21 | Create | Villager (Male) |
| 26:21 | Create | Villager (Male) |
| 26:21 | Create | Villager (Male) |
| 26:26 | Research | Gold Shaft Mining |
| 26:52 | Research | Scale Barding Armor |
| 26:59 | Build | University |
| 27:04 | Build | Mining Camp |
| 27:14 | Build | Farm |
| 27:15 | Build | Farm |
| 27:17 | Create | Villager (Male) |
| 27:23 | Create | Unit 1944 |
| 27:34 | Research | Imperial Age |
| 27:44 | Build | Farm |
| 27:48 | Research | Heavy Plow |
| 28:16 | Create | Unit 1949 |
| 28:17 | Create | Unit 1949 |
Build order — CEO of swag
First 150 of 644 actions detected
| 0:05 | Build | House |
| 0:05 | Build | House |
| 0:13 | Create | Villager (Male) ×4 |
| 1:30 | Create | Villager (Male) |
| 1:57 | Create | Villager (Male) |
| 2:21 | Create | Villager (Male) |
| 2:21 | Create | Villager (Male) |
| 3:17 | Create | Villager (Male) |
| 3:17 | Create | Villager (Male) |
| 3:50 | Create | Villager (Male) |
| 3:50 | Create | Villager (Male) |
| 4:06 | Build | House |
| 4:07 | Build | House |
| 4:08 | Build | House |
| 4:20 | Build | House |
| 4:22 | Build | House |
| 4:55 | Create | Villager (Male) |
| 4:55 | Create | Villager (Male) |
| 5:41 | Create | Villager (Male) |
| 5:41 | Create | Villager (Male) |
| 5:41 | Create | Villager (Male) |
| 5:48 | Build | Lumber Camp |
| 6:34 | Create | Villager (Male) |
| 6:34 | Create | Villager (Male) |
| 7:06 | Build | Mill |
| 7:47 | Create | Villager (Male) |
| 7:48 | Create | Villager (Male) |
| 7:48 | Create | Villager (Male) |
| 8:20 | Build | Mill |
| 8:31 | Build | Lumber Camp |
| 8:45 | Create | Villager (Male) |
| 8:46 | Create | Villager (Male) |
| 9:51 | Create | Villager (Male) |
| 9:54 | Research | Loom |
| 10:28 | Build | Mining Camp |
| 11:12 | Build | Farm |
| 11:13 | Build | Farm |
| 11:15 | Build | Farm |
| 11:16 | Build | Farm |
| 11:18 | Build | Farm |
| 11:21 | Build | Farm |
| 11:24 | Build | Farm |
| 11:29 | Research | Feudal Age |
| 12:40 | Build | Barracks |
| 12:43 | Build | House |
| 12:53 | Create | Villager (Male) |
| 12:53 | Create | Villager (Male) |
| 12:53 | Create | Villager (Male) |
| 12:55 | Create | Villager (Male) |
| 12:55 | Create | Villager (Male) |
| 13:39 | Age | Feudal Age |
| 13:44 | Research | Double-Bit Axe |
| 13:46 | Research | Horse Collar |
| 14:59 | Build | Market |
| 15:08 | Build | Blacksmith |
| 15:40 | Create | Villager (Male) |
| 15:51 | Build | Mining Camp |
| 16:08 | Create | Villager (Male) |
| 16:38 | Research | Castle Age |
| 16:45 | Build | Building 490 |
| 16:55 | Build | Archery Range |
| 17:01 | Build | Archery Range |
| 17:32 | Build | Farm |
| 17:34 | Build | Farm |
| 17:36 | Build | Farm |
| 17:37 | Build | Farm |
| 17:38 | Build | Farm |
| 17:39 | Build | Farm |
| 18:01 | Build | Building 665 |
| 18:07 | Build | House |
| 18:09 | Build | House |
| 18:11 | Build | House |
| 18:12 | Build | House |
| 18:14 | Build | House |
| 18:15 | Build | House |
| 18:22 | Research | Fletching |
| 18:56 | Create | Villager (Male) |
| 18:56 | Create | Villager (Male) |
| 18:57 | Create | Villager (Male) |
| 18:57 | Create | Villager (Male) |
| 18:57 | Create | Villager (Male) |
| 18:57 | Create | Villager (Male) |
| 19:18 | Age | Castle Age |
| 19:44 | Research | Crossbowman (upgrade) |
| 19:55 | Build | University |
| 20:01 | Build | House |
| 20:03 | Build | House |
| 20:19 | Create | Villager (Male) |
| 20:19 | Create | Villager (Male) |
| 20:40 | Build | Town Center |
| 20:44 | Create | Villager (Male) |
| 20:44 | Create | Villager (Male) |
| 20:46 | Research | Bow Saw |
| 20:58 | Build | House |
| 20:59 | Build | House |
| 21:07 | Build | House |
| 21:15 | Build | House |
| 21:16 | Build | House |
| 21:17 | Build | House |
| 21:17 | Build | House |
| 21:22 | Build | Building 487 |
| 21:28 | Build | House |
| 21:29 | Build | House |
| 21:29 | Build | House |
| 21:30 | Build | House |
| 21:47 | Build | Town Center |
| 21:55 | Create | Villager (Male) |
| 21:55 | Create | Villager (Male) |
| 21:56 | Create | Villager (Male) |
| 22:09 | Build | House |
| 22:11 | Build | House |
| 22:16 | Build | Building 487 |
| 22:22 | Build | House |
| 22:29 | Research | Ballistics |
| 22:37 | Build | Lumber Camp |
| 22:43 | Create | Villager (Male) |
| 22:43 | Create | Villager (Male) |
| 22:44 | Create | Villager (Male) |
| 22:44 | Create | Villager (Male) |
| 22:44 | Create | Villager (Male) |
| 23:20 | Create | Villager (Male) |
| 23:20 | Create | Villager (Male) |
| 23:25 | Create | Villager (Male) |
| 23:25 | Create | Villager (Male) |
| 23:25 | Create | Villager (Male) |
| 23:38 | Build | Town Center |
| 23:47 | Create | Villager (Male) |
| 23:48 | Create | Villager (Male) |
| 23:48 | Create | Villager (Male) |
| 23:48 | Create | Villager (Male) |
| 23:49 | Create | Villager (Male) |
| 23:51 | Research | Heavy Plow |
| 23:58 | Research | Treadmill Crane |
| 24:06 | Research | Stone Mining |
| 24:29 | Create | Villager (Male) |
| 24:29 | Create | Villager (Male) |
| 24:46 | Build | Mining Camp |
| 25:14 | Create | Archer |
| 25:15 | Create | Archer |
| 25:16 | Create | Archer |
| 25:16 | Create | Archer |
| 25:17 | Create | Archer |
| 25:17 | Create | Archer |
| 25:18 | Create | Archer |
| 25:18 | Create | Archer |
| 25:39 | Research | Wheelbarrow |
| 25:40 | Research | Town Watch |
| 25:44 | Create | Villager (Male) |
| 25:51 | Build | Farm |
| 25:52 | Build | Farm |
Match timeline
| 5:27 | Drogo · wall_segment Palisade Wall x14 |
| 5:48 | Chalumnor · wall_segment Palisade Wall x15 |
| 6:15 | Drogo · wall_segment Palisade Wall x12 |
| 6:51 | Drogo · wall_segment Palisade Wall x15 |
| 7:55 | Sadin Kopek · wall_segment Palisade Wall x4 |
| 8:22 | Chalumnor · wall_segment Palisade Wall x11 |
| 8:55 | MONITOENLATA · first_building Barracks |
| 9:59 | Chalumnor · wall_segment Palisade Wall x11 |
| 10:19 | Urmajesty2911 · age_up feudal |
| 10:30 | Urmajesty2911 · wall_segment Stone Wall x15 |
| 10:36 | kito · age_up feudal |
| 10:54 | gazza17 · first_building Barracks |
| 11:06 | gazza17 · age_up feudal |
| 11:48 | MONITOENLATA · age_up feudal |
| 11:52 | Sadin Kopek · wall_segment Stone Wall x3 |
| 11:57 | Chalumnor · wall_segment Stone Wall x8 |
| 11:57 | Sadin Kopek · wall_segment Stone Wall x5 |
| 12:04 | Chalumnor · wall_segment Stone Wall x10 |
| 12:40 | CEO of swag · first_building Barracks |
| 12:47 | Sadin Kopek · wall_segment Stone Wall x11 |
| 13:00 | gazza17 · first_building Archery Range |
| 13:13 | gazza17 · wall_segment Palisade Wall x5 |
| 13:32 | Urmajesty2911 · wall_segment Stone Wall x15 |
| 13:39 | CEO of swag · age_up feudal |
| 13:41 | Drogo · age_up feudal |
| 13:55 | Urmajesty2911 · first_building Barracks |
| 13:59 | Drogo · wall_segment Stone Wall x10 |
| 14:35 | gazza17 · wall_segment Palisade Wall x1 |
| 14:38 | gazza17 · wall_segment Palisade Wall x1 |
| 14:48 | kito · wall_segment Palisade Wall x1 |
| 14:48 | Drogo · wall_segment Stone Wall x13 |
| 14:51 | gazza17 · wall_segment Palisade Wall x6 |
| 15:21 | Chalumnor · wall_segment Stone Wall x11 |
| 15:22 | Chalumnor · wall_segment Stone Wall x1 |
| 15:35 | gazza17 · wall_segment Palisade Wall x11 |
| 15:48 | kito · first_building Barracks |
| 15:58 | Sadin Kopek · first_building Barracks |
| 16:38 | gazza17 · wall_segment Palisade Wall x16 |
| 16:55 | CEO of swag · first_building Archery Range |
| 17:11 | Sadin Kopek · first_building Stable |
| 17:57 | gazza17 · age_up castle |
| 18:01 | Urmajesty2911 · wall_segment Stone Wall x14 |
| 18:07 | Sadin Kopek · wall_segment Stone Wall x5 |
| 18:09 | Sadin Kopek · wall_segment Stone Wall x1 |
| 18:31 | kito · wall_segment Palisade Wall x18 |
| 18:53 | gazza17 · wall_segment Palisade Wall x9 |
| 19:06 | Drogo · age_up castle |
| 19:08 | Chalumnor · first_building Barracks |
| 19:18 | CEO of swag · age_up castle |
| 19:27 | kito · first_market_sell 100 wood |
| 19:35 | gazza17 · first_building Castle |
| 19:58 | gazza17 · wall_segment Palisade Wall x4 |
| 20:43 | kito · first_building Stable |
| 21:02 | Urmajesty2911 · age_up castle |
| 21:54 | Sadin Kopek · first_building Archery Range |
| 22:33 | MONITOENLATA · age_up castle |
| 22:40 | MONITOENLATA · first_building Monastery |
| 22:45 | kito · first_market_buy 100 stone |
| 22:48 | kito · age_up castle |
| 23:19 | gazza17 · first_building Monastery |
| 23:41 | gazza17 · wall_segment Stone Wall x33 |
| 24:00 | Urmajesty2911 · first_building Siege Workshop |
| 24:03 | Drogo · first_building Monastery |
| 24:06 | Sadin Kopek · first_building Monastery |
| 25:04 | MONITOENLATA · first_building Castle |
| 25:17 | Sadin Kopek · first_building Castle |
| 25:59 | Chalumnor · first_building Castle |
| 26:06 | Chalumnor · first_building Archery Range |
| 26:09 | Chalumnor · first_building Stable |
| 26:13 | Chalumnor · first_building Siege Workshop |
| 26:19 | Chalumnor · first_building Monastery |
| 27:57 | MONITOENLATA · first_building Siege Workshop |
| 27:58 | Urmajesty2911 · first_building Castle |
| 29:31 | Drogo · wall_segment Stone Wall x23 |
| 29:45 | kito · first_building Monastery |
| 29:51 | Drogo · first_building Castle |
| 29:58 | CEO of swag · first_building Castle |
| 30:37 | Drogo · age_up imperial |
| 30:49 | gazza17 · wall_segment Stone Wall x11 |
| 30:51 | Drogo · wall_segment Stone Wall x13 |
| 31:09 | CEO of swag · first_market_sell 500 wood |
| 32:10 | Drogo · first_building Barracks |
| 32:16 | gazza17 · wall_segment Stone Wall x12 |
| 33:18 | Urmajesty2911 · first_building Archery Range |
| 33:51 | Drogo · first_building Archery Range |
| 34:05 | kito · age_up imperial |
| 34:33 | CEO of swag · first_building Siege Workshop |
| 34:39 | CEO of swag · age_up imperial |
| 35:11 | MONITOENLATA · age_up imperial |
| 35:30 | Drogo · first_building Stable |
| 35:34 | Urmajesty2911 · age_up imperial |
| 35:54 | gazza17 · wall_segment Stone Wall x16 |
| 35:54 | gazza17 · age_up imperial |
| 35:56 | gazza17 · wall_segment Stone Wall x9 |
| 36:10 | kito · first_building Castle |
| 36:43 | Drogo · first_building Siege Workshop |
| 36:58 | Urmajesty2911 · first_market_sell 100 food |
| 36:58 | kito · first_building Siege Workshop |
| 37:31 | Chalumnor · first_market_sell 500 food |
| 38:04 | Drogo · wall_segment Stone Wall x10 |
| 45:15 | Sadin Kopek · first_building Siege Workshop |
| 45:31 | MONITOENLATA · first_market_sell 100 food |
| 50:13 | CEO of swag · first_building Stable |
| 57:21 | MONITOENLATA · first_market_buy 100 wood |
| 58:25 | Sadin Kopek · first_market_sell 500 wood |
| 61:47 | Chalumnor · wall_segment Stone Wall x4 |
| 63:03 | Chalumnor · wall_segment Stone Wall x8 |
| 64:29 | Urmajesty2911 · wall_segment Stone Wall x11 |
| 64:35 | Urmajesty2911 · wall_segment Stone Wall x11 |
| 66:55 | gazza17 · first_market_sell 500 food |
| 67:07 | gazza17 · first_market_buy 500 stone |
| 67:20 | Drogo · first_market_sell 500 food |
| 69:12 | gazza17 · first_building Siege Workshop |
| 71:15 | Chalumnor · wall_segment Palisade Wall x3 |
| 72:17 | gazza17 · wall_segment Stone Wall x1 |
| 74:45 | Urmajesty2911 · first_market_buy 100 stone |
| 74:54 | Urmajesty2911 · wall_segment Stone Wall x11 |
| 75:00 | Urmajesty2911 · wall_segment Stone Wall x20 |
| 79:26 | Sadin Kopek · wall_segment Stone Wall x8 |
| 81:45 | gazza17 · tribute_sent a jugador 1 |
| 81:45 | gazza17 · tribute_sent a jugador 3 |
| 81:45 | gazza17 · tribute_sent a jugador 4 |
| 81:45 | gazza17 · tribute_sent a jugador 5 |
| 81:45 | gazza17 · tribute_sent a jugador 6 |
| 81:45 | gazza17 · tribute_sent a jugador 7 |
| 81:45 | gazza17 · tribute_sent a jugador 8 |
| 83:57 | gazza17 · resign |
| 84:36 | Chalumnor · first_market_buy 100 stone |
[ AI ANALYSIS · 1 CREDIT ]
What really happened in this match?
Wolo.gg analyzes every decision: build order, eco, micro, common mistakes by bracket. Personalized analysis on WhatsApp or Discord in 30 seconds.
Civ guide
Shu
Map guide
Lombardia
Perfil
Jugador #971663